Map: Ephemeron LE

Players

DavidZ - Winner!

  • Race: Zerg Zerg
  • League: Platinum
  • Spawn Location: 5:00

pHARM

  • Race: Zerg Zerg
  • League: Platinum
  • Spawn Location: 11:00

VOD

Have the link to the VOD?

Description

Time

  • Played on: Sept. 7, 2019, 4:04 p.m.
  • Length: 13:20
Show
View Real Time Build Order
Export as new Build Order

DavidZ Zerg - Winner!

Build Orders: Hatch First 

Get SALT Encoding   

  12  0:00  Drone  
  13  0:13  Overlord  
  13  0:17  Drone  
  14  0:31  Drone x2  
  14  0:35  Drone  
  17  0:52  Hatchery  
  17  0:56  Drone  
  17  0:59  Drone  
  18  1:09  Extractor  
  17  1:14  Spawning Pool  
  17  1:17  Drone  
  17  1:20  Drone  
  18  1:28  Drone  
  19  1:41  Drone  
  20  1:53  Overlord  
  20  2:01  Queen  
  20  2:04  Zergling x2  
  20  2:05  Zergling x2, Queen  
  26  2:11  Drone  
  27  2:17  Drone  
  28  2:24  Drone  
  28  2:26  Metabolic Boost  
  29  2:35  Baneling Nest  
  29  2:36  Drone  
  30  2:37  Drone  
  30  2:38  Drone  
  31  2:50  Drone x2  
  33  2:57  Drone  
  33  2:58  Drone  
  35  3:07  Drone  
  35  3:12  Hatchery  
  35  3:16  Drone  
  36  3:20  Overlord  
  36  3:37  Queen  
  36  3:38  Zergling x4  
  40  3:42  Roach Warren  
  40  3:44  Evolution Chamber  
  40  3:46  Evolution Chamber  
  37  3:51  Drone  
  39  3:55  Zergling x4  
  39  3:56  Zergling x4  
  39  3:57  Drone x2  
  39  3:58  Overlord  
  39  4:01  Extractor  
  43  4:11  Overlord  
  43  4:12  Drone  
  43  4:14  Overlord  
  43  4:16  Queen  
  46  4:19  Drone  
  46  4:23  Roach x2  
  51  4:26  Queen  
  51  4:27  Drone  
  51  4:28  Drone x2  
  54  4:49  Drone x2  
  54  4:50  Drone x2  
  54  4:51  Drone x3  
  61  4:54  Extractor  
  60  5:00  Drone  
  60  5:01  Overlord  
  60  5:03  Lair  
  62  5:07  Drone x3  
  62  5:09  Drone  
  65  5:18  Drone x2  
  65  5:20  Drone  
  68  5:24  Hatchery  
  68  5:26  Drone  
  68  5:28  Drone  
  69  5:29  Drone  
  69  5:33  Drone x3  
  69  5:35  Roach x2  
  77  6:00  Roach x2  
  77  6:01  Overlord  
  77  6:02  Overlord x4  
  81  6:07  Spine Crawler  
  81  6:08  Drone  
  81  6:09  Overlord x2, Spore Crawler  
  80  6:13  Overlord  
  80  6:14  Zerg Missile Weapons Level 1  
  80  6:17  Drone  
  81  6:29  Drone x3  
  81  6:30  Drone x3  
  81  6:31  Roach x3  
  81  6:32  Roach  
  95  6:35  Drone x2  
  95  6:39  Roach x2  
  91  6:55  Roach x4  
  91  6:57  Roach x2  
  95  7:03  Roach  
  95  7:04  Zergling x8  
  95  7:05  Zergling x8  
  95  7:07  Roach  
  97  7:17  Roach  
  97  7:18  Roach  
  97  7:20  Zergling x2  
  97  7:21  Roach  
  100  7:24  Roach  
  100  7:28  Zergling x2  
  93  7:32  Zergling x2  
  93  7:35  Roach  
  92  7:38  Roach  
  92  7:41  Roach  
  92  7:42  Zergling x6  
  90  7:45  Roach  
  90  7:46  Zergling x4  
  90  7:48  Roach  
  91  7:53  Zergling x4  
  91  7:58  Extractor  
  85  8:00  Extractor  
  85  8:01  Roach x2  
  85  8:05  Roach  
  87  8:08  Zergling x2  
  87  8:09  Roach  
  87  8:10  Zergling x4  
  91  8:13  Roach  
  91  8:18  Zergling x6, Roach Warren  
  91  8:19  Zergling x2  
  88  8:30  Zergling x2  
  88  8:31  Zergling x2  
  88  8:33  Zergling x4  
  84  8:46  Queen  
  86  8:52  Zerg Ground Armor Level 1  
  86  8:56  Zergling x6  
  88  9:03  Roach  
  88  9:04  Roach x4  
  88  9:05  Roach x2  
  88  9:06  Zergling x4  
  101  9:12  Roach x2  
  101  9:13  Zergling x2, Roach  
  107  9:21  Drone  
  107  9:23  Roach x3  
  114  9:24  Queen  
  111  9:32  Roach x2  
  111  9:33  Roach x2  
  111  9:36  Roach x2  
  112  9:38  Zergling x2  
  112  9:39  Zergling x2  
  112  9:41  Zergling x2  
  105  9:53  Spine Crawler  
  98  10:07  Zergling x2, Roach x7  
  104  10:08  Zergling x2  
  111  10:16  Roach x2  
  115  10:35  Drone  
  115  10:36  Drone x5  
  115  10:37  Roach x4  
  129  10:46  Queen  
  132  10:50  Drone  
  132  11:00  Overlord  
  132  11:02  Zergling x4  
  132  11:04  Zergling x6  
  137  11:10  Glial Reconstitution  
  137  11:12  Roach x3  
  139  11:29  Roach x4  
  139  11:30  Zergling x4, Roach x2  
  139  11:31  Zergling x2  
  150  11:39  Roach x3  
  145  11:43  Roach  
  145  11:46  Roach  
  128  11:48  Roach  
  128  11:51  Roach  
  121  11:59  Zergling x2, Roach  
  105  12:11  Roach  
  105  12:12  Roach  
  101  12:16  Roach x2  
  101  12:22  Roach x4  
  113  12:23  Roach  
  111  12:32  Roach x2  
  111  12:33  Roach  
  111  12:34  Roach x2  
  121  12:40  Roach  
  118  12:47  Roach x3  
  118  12:50  Drone x2  
  122  12:56  Roach  
  122  12:58  Roach x3  
  130  13:03  Hydralisk Den  
  130  13:04  Hatchery  
Show
View Real Time Build Order
Export as new Build Order

pHARM Zerg 

Build Orders: Hatch First 

Get SALT Encoding   

  12  0:00  Drone  
  13  0:13  Overlord  
  13  0:19  Drone  
  14  0:31  Drone x2  
  16  0:55  Drone  
  17  0:57  Drone  
  17  0:58  Hatchery  
  17  1:01  Drone  
  18  1:12  Drone  
  19  1:19  Spawning Pool  
  18  1:34  Drone x2  
  20  1:48  Overlord  
  20  1:57  Drone  
  21  2:04  Drone  
  21  2:06  Queen  
  24  2:10  Queen  
  24  2:12  Drone  
  24  2:13  Drone  
  28  2:22  Drone  
  29  2:30  Drone  
  30  2:39  Drone x2  
  30  2:44  Extractor  
  31  2:47  Drone x2  
  33  2:54  Queen  
  35  3:15  Overlord x2  
  35  3:21  Evolution Chamber, Queen  
  35  3:24  Hatchery  
  35  3:25  Evolution Chamber  
  34  3:29  Drone x2  
  34  3:32  Roach Warren  
  35  3:44  Drone  
  35  3:45  Drone x6  
  35  3:48  Zerg Missile Weapons Level 1  
  42  4:03  Extractor  
  42  4:04  Extractor  
  42  4:09  Zergling x8  
  47  4:10  Zergling x6  
  47  4:23  Roach x2  
  51  4:36  Roach  
  51  4:37  Roach x2  
  57  5:07  Overlord x2  
  57  5:09  Lair  
  57  5:25  Drone x8  
  57  5:26  Drone  
  66  5:49  Roach x4  
  74  5:50  Overlord x3  
  74  5:51  Overlord  
  74  6:08  Roach  
  74  6:09  Roach x5  
  74  6:10  Glial Reconstitution  
  86  6:16  Hatchery  
  86  6:17  Roach  
  87  6:24  Extractor  
  86  6:26  Hydralisk Den  
  86  6:29  Roach  
  86  6:30  Roach x3  
  91  6:43  Roach  
  91  6:44  Roach x2  
  88  6:57  Roach x3  
  88  6:58  Overlord x5  
  90  7:02  Grooved Spines  
  82  7:20  Roach x4  
  80  7:30  Roach x4  
  80  7:36  Roach x4  
  84  7:45  Roach  
  84  7:51  Roach x2  
  90  7:54  Roach x2  
  80  8:16  Roach x6  
  78  8:22  Roach  
  78  8:23  Roach x3  
  84  8:30  Roach x4  
  78  8:44  Roach x2  
  78  8:50  Roach x5  
  78  8:54  Roach x6  
  98  9:10  Roach x5  
  98  9:20  Roach x2  
  98  9:21  Roach x2  
  104  9:37  Roach x5  
  96  9:47  Roach  
  96  9:48  Roach x3  
  88  10:00  Roach x4  
  88  10:02  Roach  
  88  10:06  Roach  
  84  10:09  Roach  
  84  10:11  Roach  
  84  10:20  Roach x3  
  86  10:30  Roach  
  86  10:31  Roach x2  
  92  10:50  Roach  
  92  10:51  Roach x6  
  106  11:07  Nydus Network, Roach x3  
  106  11:10  Roach  
  113  11:18  Roach x2  
  107  11:34  Roach x5  
  107  11:41  Roach  
  107  11:42  Roach x2  
  107  11:47  Roach  
  95  11:48  Roach  
  95  11:52  Roach  
  85  11:56  Roach  
  85  11:58  Roach  
  73  12:10  Roach x3  
  73  12:13  Roach  
  67  12:33  Roach  
  67  12:34  Roach x5  
  77  12:43  Roach x3  
  77  13:17  Nydus Canal  
Tags
 
Matchup
ZvZ
Race
Zerg
Replay Pack
10.7.19
Spawn Locations
Cross Positions
Add a new tag
Caveats
  • Supply blocks, unpowered buildings, or Contaminate may cause inaccurate times.
  • Supply counts are checked every 10 seconds.